 Dungeon Crawl Stone Soup version 0.22-b1-21-g5cfc168 (webtiles) character file.

47 wojtek the Chopper (level 3, -13/31 HPs)
             Began as a Minotaur Fighter on Aug 2, 2018.
             Mangled by an orc warrior
             ... wielding a +0 war axe
              (22 damage)
             ... on level 2 of the Dungeon.
             The game lasted 00:01:28 (1488 turns).

wojtek the Chopper (Minotaur Fighter)               Turns: 1488, Time: 00:01:29

Health: -13/31     AC:  6    Str: 21    XL:     3   Next: 48%
Magic:  2/2        EV:  7    Int:  5    God:
Gold:   42         SH:  9    Dex:  9    Spells: 2/2 levels left

rFire    . . .     SeeInvis .   a - +0 war axe
rCold    . . .     Gourm    .   h - +0 shield (curse)
rNeg     . . .     Faith    .   b - +0 scale mail
rPois    .         Spirit   .   (helmet restricted)
rElec    .         Reflect  .   (no cloak)
rCorr    .         Harm     .   (no gloves)
MR       .....                  (no boots)
Stlth    +.........             (no amulet)
HPRegen  0.10/turn              j - +2 ring of slaying
MPRegen  0.08/turn              k - ring of stealth

@: no status effects
A: retaliatory headbutt, horns 2
a: no special abilities


You were on level 2 of the Dungeon.
You were hungry.

You visited 1 branch of the dungeon, and saw 3 of its levels.

You collected 42 gold pieces.

Inventory:

Hand Weapons
 a - a +0 war axe (weapon)
Armour
 b - a +0 scale mail (worn)
 h - a cursed +0 shield (worn)
Jewellery
 j - a +2 ring of slaying (left hand)
 k - a ring of stealth (right hand)
Scrolls
 c - 2 scrolls of remove curse {unknown}
 e - a scroll of teleportation {unknown}
 g - a scroll of enchant armour {unknown}
 i - a scroll of identify {unknown}
Potions
 d - a potion of might
 m - 2 potions of degeneration {unknown}
 n - a potion of heal wounds {unknown}
Comestibles
 f - 6 rations
 l - 4 chunks of flesh


   Skills:
 - Level 3.6 Fighting
 + Level 4.8 Axes
 - Level 3.6 Armour
 - Level 3.6 Shields


You had 2 spell levels left.
You didn't know any spells.
Your spell library was empty.

Dungeon Overview and Level Annotations

Branches:
Dungeon (3/15)

Altars:
Sif Muna


Innate Abilities, Weirdness & Mutations

You reflexively headbutt those who attack you in melee.
You have a pair of horns on your head.


Message History

You hit the giant cockroach. You headbutt the giant cockroach.
You kill the giant cockroach!
You see here a giant cockroach corpse.
There is a stone staircase leading up here.
The orc warrior hits you with a war axe!
Ouch! That really hurt!
You climb upwards.
There is a stone staircase leading down here.
You are too injured to fight recklessly!
You are too injured to fight recklessly!
You are too injured to fight recklessly!
You hit the orc warrior.
The orc warrior is moderately wounded.
The orc warrior hits you with a war axe.
* * * LOW HITPOINT WARNING * * *
You hit the orc warrior.
The orc warrior is moderately wounded.
The orc warrior hits you with a war axe!!
Ouch! That really hurt!
You die...

##...##................#.#.......
...#.<#.###..........###.#.######
...#....#....####...##.....#
..........#### #...#..##..#
....###.### #########.####.###
....# #.# #..........# #...####
...## #.#####..........#####.....
...####.................#######..
...#....#####..o@................
.....#### #..........########..
###### ############ #.. ###


You could see an orc warrior.

Vanquished Creatures
  An adder (D:2)
  A worm (D:2)
  4 leopard geckos
  A ball python (D:2)
  3 bats (D:2)
  A giant cockroach (D:3)
  6 goblins
  4 hobgoblins
  3 frilled lizards
  6 kobolds
  2 rats (D:1)
32 creatures vanquished.

Notes
Turn   | Place    | Note
-------+----------+-------------------------------------------
     0 | D:1      | wojtek the Minotaur Fighter began the quest for the Orb.
     0 | D:1      | Reached XP level 1. HP: 19/19 MP: 0/0
    74 | D:1      | Reached skill level 3 in Axes
    78 | D:1      | Reached XP level 2. HP: 13/26 MP: 1/1
   778 | D:2      | Reached skill level 4 in Axes
   788 | D:2      | Reached XP level 3. HP: 18/31 MP: 2/2
   984 | D:2      | Found a deep blue altar of Sif Muna.
  1477 | D:3      | Noticed an orc warrior
  1488 | D:2      | Mangled by an orc warrior

Skill      XL: |  1  2 |
---------------+-------+-----
Axes           | 3 4 |  4.8
Fighting       | |  3.6
Armour         | |  3.6
Shields        | |  3.6

Action                   || total
-------------------------++-------
Melee: War axe           ||    61
       Headbutt          ||     9
  Eat: Chunk             ||     1
Armor: Scale mail        ||    25
Dodge: Dodged            ||    10
Block: Shield            ||    26
